Map: Rhoskallian LE

Players

qqq

  • Race: Protoss Protoss
  • Spawn Location: 11:00

Massa

  • Race: Terran Terran
  • League: Platinum
  • Spawn Location: 12:00

JarLeif - Winner!

  • Race: Zerg Zerg
  • League: Diamond
  • Spawn Location: 6:00

Quisten - Winner!

  • Race: Terran Terran
  • Spawn Location: 5:00

VOD

Have the link to the VOD?

Description

Time

  • Played on: Oct. 9, 2020, 3:12 p.m.
  • Length: 20:06
Show
View Real Time Build Order
Export as new Build Order

qqq Protoss 

Build Orders: Carriers 

Get SALT Encoding   

  12  0:02  Probe  
  13  0:14  Probe  
  13  0:18  Pylon  
  14  0:26  Probe  
  15  0:38  Forge  
  15  0:46  Probe  
  16  0:58  Probe  
  17  1:10  Probe  
  18  1:22  Probe  
  19  1:29  Pylon  
  19  1:30  Pylon  
  19  1:34  Probe  
  20  1:42  Pylon x2  
  20  1:57  Photon Cannon  
  20  1:58  Pylon  
  20  2:03  Photon Cannon  
  20  2:07  Photon Cannon  
  19  2:23  Photon Cannon  
  19  2:58  Nexus  
  19  3:02  Pylon  
  19  3:03  Probe  
  20  3:10  Assimilator  
  20  3:13  Gateway  
  20  3:16  Probe (Chrono Boost)  
  20  3:18  Assimilator  
  21  3:26  Probe (Chrono Boost)  
  22  3:31  Probe (Chrono Boost)  
  24  3:42  Probe (Chrono Boost)  
  24  3:47  Probe (Chrono Boost)  
  25  3:57  Probe  
  26  4:08  Cybernetics Core  
  27  4:11  Probe (Chrono Boost), Pylon  
  27  4:14  Probe (Chrono Boost)  
  28  4:21  Probe (Chrono Boost)  
  30  4:24  Probe (Chrono Boost)  
  30  4:26  Probe (Chrono Boost)  
  31  4:34  Probe  
  31  4:37  Probe  
  33  4:46  Probe  
  33  4:49  Probe, Stalker  
  33  4:50  Robotics Facility  
  37  4:58  Probe  
  38  5:01  Probe  
  39  5:08  Stargate  
  39  5:10  Probe  
  39  5:13  Probe  
  41  5:18  Stalker  
  43  5:22  Probe  
  43  5:25  Probe  
  45  5:34  Probe  
  46  5:37  Probe  
  46  5:42  Immortal, Robotics Bay  
  51  5:46  Probe  
  51  5:47  Stalker (Chrono Boost)  
  54  5:53  Pylon  
  54  5:56  Pylon  
  54  6:11  Probe x2, Phoenix, Assimilator  
  54  6:14  Assimilator  
  54  6:17  Pylon  
  58  6:19  Pylon  
  58  6:23  Probe  
  58  6:24  Pylon  
  59  6:30  Colossus (Chrono Boost)  
  59  6:35  Probe  
  66  6:48  Probe  
  67  6:57  Zealot  
  67  7:00  Probe  
  70  7:13  Phoenix  
  72  7:17  Immortal  
  70  7:24  Zealot  
  72  7:44  Pylon  
  72  7:45  Pylon  
  72  7:47  Forge  
  72  7:48  Phoenix  
  72  7:51  Zealot, Pylon  
  76  8:02  Disruptor  
  79  8:13  Phoenix  
  79  8:18  Stalker  
  83  8:38  Phoenix  
  83  8:49  Disruptor  
  86  8:57  Void Ray, Stalker  
  90  9:24  Disruptor  
  90  9:27  Stalker  
  90  9:29  Fleet Beacon  
  90  10:14  Carrier  
  82  10:49  Colossus  
  60  11:03  Stargate  
  60  11:17  Tempest, Nexus  
  65  11:29  Gateway, Twilight Council  
  65  11:31  Zealot  
  67  11:33  Nexus  
  67  11:43  Colossus  
  73  11:54  Nexus  
  73  11:58  Zealot  
  73  12:01  Carrier  
  81  12:13  Phoenix  
  83  12:21  Pylon  
  83  12:23  Pylon  
  83  12:25  Zealot, Pylon  
  83  12:28  Pylon  
  85  12:30  Pylon  
  85  12:38  Carrier  
  91  12:49  Photon Cannon  
  91  12:51  Photon Cannon  
  76  12:52  Zealot  
  76  12:54  Probe  
  79  13:05  Carrier  
  85  13:06  Probe  
  85  13:09  Pylon  
  85  13:11  Pylon  
  85  13:12  Pylon  
  86  13:13  Pylon  
  86  13:15  Pylon  
  86  13:18  Pylon  
  86  13:19  Zealot  
  89  13:20  Probe (Chrono Boost)  
  89  13:22  Pylon  
  89  13:24  Probe (Chrono Boost)  
  90  13:28  Assimilator  
  90  13:30  Photon Cannon  
  90  13:32  Photon Cannon, Assimilator  
  90  13:34  Probe x2 (Chrono Boost)  
  92  13:38  Probe (Chrono Boost)  
  93  13:42  Probe, Photon Cannon, Carrier  
  93  13:44  Photon Cannon  
  93  13:47  Assimilator  
  100  13:50  Probe  
  100  13:52  Assimilator  
  100  13:54  Probe  
  102  13:56  Photon Cannon  
  102  13:59  Shield Battery  
  102  14:02  Probe, Photon Cannon  
  97  14:06  Probe  
  97  14:09  Phoenix  
  92  14:14  Probe  
  87  14:18  Probe  
  87  14:23  Stalker x2  
  81  14:26  Probe  
  81  14:30  Probe  
  83  14:34  Phoenix  
  83  14:38  Charge  
  83  14:46  Phoenix  
  85  14:53  Void Ray, Immortal, Stalker x2  
  97  15:05  Void Ray  
  101  15:15  Shield Battery  
  101  15:23  Stalker x2  
  103  15:30  Void Ray  
  103  15:32  Colossus  
  99  15:42  Void Ray  
  99  15:51  Probe  
  99  15:53  Stalker x2  
  104  16:03  Probe  
  105  16:07  Void Ray  
  105  16:15  Probe  
  110  16:23  Nexus, Zealot, Stalker  
  110  16:25  Pylon  
  114  16:26  Carrier  
  114  16:27  Probe  
  114  16:28  Pylon  
  121  16:44  Void Ray  
  117  16:50  Probe, Zealot  
  117  16:53  Zealot  
  126  16:54  Photon Cannon  
  126  17:02  Probe  
  122  17:17  Stalker  
  122  17:20  Stalker  
  124  17:29  Void Ray  
  122  17:35  Carrier  
  97  18:10  Stalker x2  
  97  18:12  Carrier  
  89  18:40  Stalker  
  79  18:47  Stalker  
  63  19:09  Assimilator  
Show
View Real Time Build Order
Export as new Build Order

Massa Terran 

Build Orders: Gas First Reaper Expand 

Get SALT Encoding   

  12  0:02  SCV  
  13  0:14  SCV  
  14  0:25  Supply Depot  
  14  0:26  SCV  
  15  0:32  Refinery  
  15  0:47  SCV  
  15  0:48  Barracks  
  16  1:02  Supply Depot  
  16  1:07  Supply Depot  
  16  1:09  SCV  
  17  1:21  SCV  
  18  1:36  Orbital Command  
  18  1:37  Reaper  
  19  2:08  Command Center  
  19  2:11  SCV  
  19  2:15  Marine  
  21  2:26  Factory  
  21  3:00  SCV  
  21  3:02  Barracks Tech Lab  
  22  3:12  Refinery, SCV  
  23  3:14  Engineering Bay  
  23  3:24  SCV  
  23  3:26  Starport  
  24  3:29  Orbital Command  
  24  3:32  Siege Tank  
  24  3:33  Marine  
  28  3:36  SCV  
  29  3:48  SCV  
  30  3:51  Marine  
  31  4:00  SCV  
  31  4:02  Supply Depot  
  32  4:04  Siege Tank  
  32  4:09  Marine  
  36  4:10  Barracks  
  36  4:12  SCV  
  37  4:23  SCV  
  38  4:24  SCV  
  38  4:27  Marine, Medivac  
  42  4:35  SCV  
  42  4:36  SCV  
  42  4:37  Widow Mine  
  46  4:45  Marine  
  47  4:50  SCV x2  
  49  5:02  SCV x2, Marine  
  52  5:09  Missile Turret  
  52  5:13  Missile Turret  
  52  5:14  SCV x2  
  52  5:15  Barracks Tech Lab  
  52  5:19  Liberator  
  57  5:24  Widow Mine  
  57  5:26  Barracks Reactor, SCV  
  59  5:54  Stimpack  
  59  5:56  Marauder  
  61  6:25  Supply Depot x2  
  61  6:26  Terran Infantry Weapons Level 1, Supply Depot  
  61  6:27  Command Center  
  61  6:42  Marauder  
  60  6:49  Marine x2  
  60  6:51  Supply Depot  
  60  6:53  Supply Depot  
  62  6:58  Barracks x2  
  62  6:59  Refinery, Siege Tank  
  65  7:03  Marauder  
  65  7:06  Refinery, Medivac  
  65  7:07  Marine x2  
  71  7:25  Marauder, Marine x2  
  75  7:33  Combat Shield  
  75  7:43  Marine x2  
  77  7:46  Marauder  
  79  7:52  Siege Tank  
  79  7:55  Barracks Reactor  
  79  7:56  Barracks Tech Lab  
  82  8:00  Marine  
  82  8:01  Marine  
  84  8:08  Marauder  
  86  8:18  Marine x2  
  85  8:21  Liberator  
  88  8:29  Marauder  
  90  8:36  Marine  
  88  8:45  Siege Tank  
  88  8:47  Marauder, Marine  
  88  8:48  Marine x2  
  96  8:50  Marauder  
  96  8:54  SCV, Marine  
  100  9:02  Armory  
  100  9:05  Marine  
  100  9:06  SCV, Marine x2  
  100  9:08  Marauder  
  106  9:12  Marauder, Marine  
  109  9:18  SCV  
  109  9:23  Marine  
  109  9:24  Marine x2  
  113  9:29  Marine  
  113  9:30  SCV, Marauder  
  117  9:44  Supply Depot  
  117  9:46  Supply Depot  
  117  9:47  Supply Depot  
  117  9:50  Planetary Fortress  
  117  9:57  Command Center  
  117  10:06  Marine x5  
  122  10:10  Starport Reactor, Supply Depot  
  122  10:11  Supply Depot  
  122  10:14  Supply Depot  
  120  10:23  Marine x2  
  119  10:28  SCV  
  120  10:37  Supply Depot x2  
  120  10:39  Supply Depot  
  120  10:41  SCV  
  112  10:53  SCV  
  95  11:03  Supply Depot  
  82  11:04  Supply Depot  
  82  11:05  SCV  
  82  11:11  SCV  
  84  11:12  SCV  
  84  11:13  SCV  
  84  11:17  SCV  
  87  11:23  SCV  
  87  11:25  SCV x2  
  90  11:26  Engineering Bay  
  90  11:28  Armory  
  90  11:29  SCV  
  91  11:33  Viking x2  
  91  11:37  SCV x2  
  91  11:39  Planetary Fortress  
  97  11:41  SCV  
  98  11:49  SCV x2  
  98  11:50  Command Center  
  98  11:53  SCV  
  101  11:55  Marauder  
  101  11:56  Marauder, Marine x3  
  101  11:57  Marine, Command Center  
  101  12:01  SCV x2, Siege Tank  
  110  12:02  Command Center  
  110  12:03  Viking x2  
  110  12:07  Smart Servos  
  118  12:14  Marine x4  
  119  12:17  Marauder x2  
  118  12:32  Marine x4  
  122  12:38  Marauder  
  122  12:39  Marauder  
  126  12:49  Marine  
  126  12:50  Marine x3  
  130  12:57  SCV  
  131  12:58  SCV  
  131  12:59  SCV x2, Marauder  
  131  13:00  Marauder  
  131  13:01  Planetary Fortress  
  138  13:08  Marine  
  138  13:09  SCV, Marine  
  138  13:10  Terran Vehicle Weapons Level 1  
  138  13:11  SCV x3, Terran Vehicle And Ship Armor Level 1  
  138  13:12  Terran Infantry Armor Level 1  
  144  13:21  SCV, Marauder x2  
  144  13:23  SCV x3  
  151  13:33  SCV  
  152  13:35  SCV x3  
  155  13:42  Marauder  
  155  13:43  Marauder  
  155  13:45  SCV  
  155  13:47  SCV x3  
  110  14:01  Marine  
  110  14:02  Marine x3  
  97  14:03  Siege Tank  
  97  14:04  Marauder x2  
  97  14:05  SCV  
  102  14:12  Refinery  
  102  14:15  Refinery  
  102  14:16  Refinery  
  102  14:17  SCV  
  102  14:18  Refinery  
  102  14:19  Marine  
  102  14:20  Marine x3  
  106  14:25  Marauder x2  
  106  14:27  Barracks  
  106  14:28  Barracks  
  106  14:29  Orbital Command, Barracks, SCV  
  106  14:30  Barracks  
  110  14:31  Barracks  
  110  14:36  Siege Tank  
  110  14:37  Marine x4  
  110  14:38  Missile Turret x2  
  110  14:39  Missile Turret  
  110  14:41  SCV  
  110  14:44  Missile Turret  
  105  14:46  Marauder  
  105  14:47  Marauder  
  109  14:54  SCV  
  109  14:55  Marine x4  
  109  14:58  Missile Turret  
  109  15:07  Thor  
  109  15:08  Marauder x2  
  119  15:23  Barracks Reactor x2, Barracks Tech Lab x3  
  119  15:28  Marine  
  119  15:29  Marauder, Marine x3  
  119  15:30  Marauder  
  112  15:46  Marine x3  
  112  15:47  Marine  
  115  15:51  Marauder x2  
  115  15:54  Missile Turret x2  
  115  15:55  Missile Turret x2  
  115  15:56  Missile Turret  
  119  15:59  Missile Turret  
  119  16:00  Missile Turret  
  119  16:01  Missile Turret x2  
  119  16:02  Missile Turret  
  119  16:04  Marine x4  
  92  16:08  Marauder x3, Marine  
  92  16:09  Marine  
  102  16:12  Marauder x2  
  102  16:13  Missile Turret  
  102  16:16  Missile Turret  
  102  16:17  Missile Turret  
  104  16:19  Missile Turret  
  104  16:21  Missile Turret  
  104  16:22  Marine x4  
  104  16:24  Missile Turret  
  104  16:25  Missile Turret  
  108  16:29  Marauder  
  108  16:30  Marauder x2  
  114  16:33  Marauder  
  114  16:34  Marauder  
  118  16:44  Missile Turret  
  113  16:51  Marauder  
  108  16:54  Marine  
  108  16:55  Marine  
  108  16:56  Marine  
  108  16:57  Marine x3  
  101  17:08  Concussive Shells  
  101  17:12  Marauder  
  101  17:13  Marauder  
  101  17:21  Barracks  
  101  17:22  Barracks x4  
  99  17:23  Barracks  
  99  17:24  Barracks  
  99  17:26  Marine  
  99  17:27  Marine x3  
  105  17:34  Marauder x2  
  107  17:44  Marine x2  
  108  17:55  Marauder  
  108  17:56  Marauder  
  77  18:21  Marauder  
  77  18:22  Marauder, Marine x4  
  85  18:38  Marine  
  85  18:39  Marine x5, Command Center  
  85  18:40  Marine x3  
  94  18:43  Marauder x2  
  97  18:57  Marine  
  97  18:58  Marine x3  
  100  19:03  Orbital Command  
  100  19:04  Marauder  
  100  19:05  Marauder  
  102  19:15  Marine x3  
  78  19:20  Siege Tank  
  80  19:25  Marauder  
  80  19:26  Marauder  
Show
View Real Time Build Order
Export as new Build Order

JarLeif Zerg - Winner!

Build Orders: Hatch First, Swarm Host 

Get SALT Encoding   

  12  0:00  Drone  
  13  0:13  Overlord  
  13  0:18  Drone  
  14  0:31  Drone x2  
  14  0:34  Drone  
  17  0:54  Hatchery  
  16  0:59  Extractor  
  15  1:10  Spawning Pool  
  14  1:13  Drone  
  15  1:18  Drone  
  15  1:22  Drone  
  15  1:24  Drone  
  18  1:57  Queen  
  18  1:58  Zergling x4  
  18  1:59  Overlord  
  22  2:10  Zergling x4  
  24  2:32  Metabolic Boost  
  24  2:35  Queen  
  26  2:38  Drone  
  26  2:39  Drone  
  26  2:43  Extractor  
  27  3:05  Drone x2  
  27  3:08  Overlord x2  
  28  3:18  Overlord  
  28  3:26  Drone  
  30  3:27  Drone  
  30  3:35  Overlord  
  30  3:55  Drone x5  
  31  4:27  Drone x3  
  31  4:31  Roach Warren, Lair  
  34  4:35  Hatchery  
  32  4:51  Drone  
  33  4:59  Zergling x2  
  34  5:11  Hatchery  
  33  5:15  Roach  
  33  5:16  Roach x2  
  33  5:17  Roach  
  41  5:35  Drone x5  
  46  5:41  Overlord  
  45  5:48  Roach  
  47  6:06  Glial Reconstitution  
  47  6:10  Overlord  
  47  6:12  Drone x5  
  47  6:15  Extractor x2  
  50  6:21  Roach  
  52  6:26  Roach x3  
  52  6:28  Overlord  
  58  6:36  Overlord  
  58  6:46  Drone x3  
  61  6:47  Drone x3  
  61  6:49  Drone  
  61  6:51  Roach  
  67  7:00  Queen  
  69  7:08  Drone  
  69  7:09  Drone, Roach x3  
  69  7:10  Roach  
  79  7:16  Drone  
  79  7:18  Roach x2  
  79  7:21  Overlord  
  84  7:34  Evolution Chamber  
  84  7:35  Evolution Chamber  
  82  7:40  Drone x3  
  82  7:41  Drone x5  
  90  8:00  Infestation Pit  
  90  8:01  Overseer  
  90  8:04  Pneumatized Carapace  
  89  8:05  Zerg Missile Weapons Level 1  
  89  8:06  Zerg Ground Armor Level 1  
  89  8:09  Drone x3  
  89  8:10  Drone  
  89  8:11  Extractor  
  89  8:12  Extractor  
  91  8:23  Overlord x2  
  91  8:24  Overlord x4  
  91  8:37  Swarm Host x2  
  97  8:44  Swarm Host x4  
  97  8:45  Swarm Host x2  
  115  9:02  Swarm Host x3  
  115  9:03  Swarm Host x4  
  136  9:32  Overlord x5  
  136  10:08  Spire  
  135  10:18  Hydralisk Den  
  134  10:24  Zerg Ground Armor Level 2, Zerg Missile Weapons Level 2  
  134  10:27  Hive  
  134  10:43  Hatchery  
  89  10:59  Roach  
  89  11:00  Roach x25  
  89  11:01  Roach x4  
  149  11:08  Grooved Spines  
  149  11:11  Drone x3  
  152  11:25  Drone x3  
  155  11:40  Corruptor x5  
  155  11:44  Drone  
  155  11:45  Drone x7  
  173  11:58  Zergling x8  
  177  12:09  Zerg Flyer Weapons Level 1  
  177  12:12  Extractor  
  177  12:15  Extractor  
  173  12:33  Overlord  
  173  12:34  Overlord x6  
  171  13:02  Corruptor  
  171  13:03  Corruptor x6  
  171  13:04  Corruptor x6  
  197  13:13  Spire  
  197  13:18  Drone x4  
  200  13:36  Zerg Missile Weapons Level 3, Zerg Ground Armor Level 3  
  166  14:22  Swarm Host  
  166  14:23  Swarm Host x6  
  187  14:36  Greater Spire  
  187  14:37  Zerg Flyer Armor Level 1  
  187  14:43  Drone  
  188  15:01  Swarm Host x3  
  188  15:02  Swarm Host  
  200  16:10  Spine Crawler  
  199  16:11  Spine Crawler  
  199  16:13  Spine Crawler  
  197  16:18  Spore Crawler  
  197  16:19  Spore Crawler  
  197  16:22  Spore Crawler  
  194  16:26  Zerg Melee Weapons Level 1, Zerg Flyer Weapons Level 2  
  194  16:28  Adrenal Glands  
  194  16:39  Spore Crawler  
  193  16:40  Spore Crawler x2  
  193  16:44  Spore Crawler  
  168  16:47  Brood Lord x2  
  168  16:48  Brood Lord, Corruptor x3  
  153  17:17  Corruptor x3  
  153  17:18  Corruptor x2  
  150  17:56  Corruptor  
  150  17:57  Corruptor x3  
  140  18:18  Corruptor x2  
  140  18:19  Corruptor  
  140  18:41  Hatchery  
  131  18:52  Drone x7  
  131  18:53  Drone  
  139  19:20  Extractor  
  139  19:23  Extractor  
  137  19:30  Hatchery  
  136  19:33  Corruptor x6  
  136  19:34  Corruptor  
  150  19:46  Drone x2  
  150  19:47  Drone  
  150  19:49  Drone x6  
  150  19:50  Drone  
Show
View Real Time Build Order
Export as new Build Order

Quisten Terran - Winner!

Build Orders:  

Get SALT Encoding   

  12  0:00  SCV  
  13  0:12  SCV  
  14  0:20  Supply Depot  
  14  0:24  SCV  
  15  0:42  SCV  
  16  0:45  Refinery  
  16  0:46  Barracks  
  16  0:52  Refinery  
  16  0:55  SCV  
  17  1:13  SCV, Barracks  
  18  1:25  SCV  
  19  1:45  Marine  
  20  1:53  Barracks  
  20  2:00  Orbital Command  
  20  2:24  Marine x2  
  22  3:03  Barracks Tech Lab  
  22  3:04  Barracks Reactor x2  
  22  3:06  SCV  
  23  3:14  Factory  
  23  3:30  Supply Depot  
  23  3:45  Command Center  
  23  3:52  Marauder  
  23  3:55  Marine x4  
  28  3:57  Stimpack  
  28  4:00  Factory Tech Lab  
  29  4:06  Supply Depot  
  29  4:09  SCV  
  30  4:28  Marauder, Siege Tank  
  30  4:30  Supply Depot  
  35  4:32  Marine  
  35  4:35  Marine x2  
  35  4:36  Marine  
  39  4:52  SCV  
  40  4:59  Orbital Command  
  40  5:00  Marauder, Marine x2  
  44  5:22  SCV  
  44  5:25  Marauder, Marine x4  
  44  5:27  SCV  
  52  5:34  SCV  
  53  5:36  Siege Tank  
  53  5:39  SCV  
  57  5:42  Marine  
  57  5:43  Marine  
  57  5:44  Supply Depot  
  59  6:10  Siege Tank  
  62  6:12  Starport  
  62  6:21  Marine x3  
  62  6:22  Marine x2  
  67  6:39  Marine  
  59  6:52  Starport Reactor  
  59  6:56  Command Center  
  59  6:59  Marine, Siege Tank  
  59  7:00  Marine x4  
  68  7:08  SCV x2  
  69  7:33  Supply Depot  
  69  7:53  SCV  
  69  7:55  SCV, Viking x2, Siege Tank  
  78  8:08  Marine x5  
  78  8:09  Supply Depot  
  74  8:25  Medivac x2  
  74  8:50  Starport, SCV x2  
  74  8:54  Orbital Command  
  74  8:55  Viking  
  78  9:05  Siege Tank  
  78  9:07  Marine x2  
  78  9:08  Marine x3  
  80  9:25  Marine  
  81  9:38  Siege Tank  
  84  9:39  Marine x4  
  84  9:43  Marine, Medivac x2  
  84  9:44  Viking  
  95  9:56  Marine  
  95  9:57  Marine  
  89  10:13  Liberator  
  41  11:01  Siege Tank  
  41  11:02  Marine x2  
  41  11:03  Marauder  
  44  11:12  Marine x2  
  44  11:17  Starport Reactor  
  46  11:20  Marine x2  
  46  11:23  Marine  
  46  11:24  Refinery  
  49  11:29  Refinery  
  49  11:30  SCV, Marine x2  
  49  11:31  SCV x2  
  54  11:33  Siege Tank  
  57  11:43  SCV x3  
  60  11:52  Engineering Bay  
  60  11:53  Engineering Bay, Marine x5  
  65  11:55  Liberator  
  68  12:10  Factory  
  68  12:11  Factory, Marine x5  
  73  12:20  Combat Shield  
  73  12:28  Refinery x2, Marine  
  73  12:29  Marine x3  
  79  12:30  Marauder  
  79  12:37  Terran Infantry Weapons Level 1  
  79  12:38  Terran Infantry Armor Level 1  
  79  12:53  Siege Tank  
  79  12:57  Factory Tech Lab  
  79  12:58  Factory Tech Lab  
  82  13:38  Marine x4  
  82  13:39  Marine, Siege Tank  
  82  13:40  Siege Tank x2  
  96  13:42  Liberator  
  96  13:43  Medivac  
  99  13:56  Marine  
  93  14:20  Marine x5  
  98  14:36  Medivac  
  98  14:38  Marine  
  101  14:40  Supply Depot  
  101  14:42  Supply Depot  
  101  14:47  Armory  
  101  15:01  Marine x4  
  101  15:02  Medivac x2  
  101  15:03  Marine, Medivac  
  106  15:15  Siege Tank x3  
  106  15:17  Medivac  
  106  15:19  Marine x2  
  117  15:23  Marine x3  
  116  15:37  Marine  
  116  15:38  Marine  
  116  15:40  Marine x2, Medivac  
  111  15:43  Marine  
  111  15:47  Siege Tank  
  111  15:55  Marine x2  
  111  15:58  Marine x2  
  111  16:01  Marine  
  105  16:13  Marine x2, Siege Tank x2  
  105  16:14  Medivac x2  
  117  16:29  Terran Infantry Weapons Level 2  
  117  16:37  Supply Depot  
  117  16:38  Supply Depot  
  117  16:39  Supply Depot  
  117  16:51  Marine  
  117  16:55  Marine x2  
  117  16:56  Marine  
  117  16:59  Medivac, Siege Tank  
  118  17:12  Marine x2  
  118  17:13  Marine x2  
  118  17:14  Marine  
  120  17:30  Marine x2  
  120  17:32  Marine x3  
  120  17:35  Siege Tank  
  128  17:42  Medivac  
  128  17:43  Medivac  
  129  17:47  Marine x2  
  129  17:50  Marine x3  
  126  18:05  Marine  
  93  18:40  Marine x5  
  98  18:50  SCV x3  
  101  18:57  Marine  
  101  18:58  Marine x4  
  101  19:02  SCV x3  
  101  19:14  SCV x3  
  95  19:26  SCV x2  
  105  19:47  Marine  
  105  19:48  Marine x2  
Tags
 
Add a new tag
Caveats
  • Supply blocks, unpowered buildings, or Contaminate may cause inaccurate times.
  • Supply counts are checked every 10 seconds.